 Dungeon Crawl Stone Soup version 0.28.0 (webtiles) character file.

Game seed: 18442472565260458328

66301 fragbeetle the Basher (level 14, -24/172 (214) HPs)
             Began as a Troll Berserker on Feb 11, 2022.
             Was an Elder of Trog.
             Annihilated by an orc knight (29 damage)
             ... on level 1 of the Orcish Mines on Feb 12, 2022.
             The game lasted 01:08:54 (23270 turns).

fragbeetle the Basher (Troll Berserker)            Turns: 23270, Time: 01:08:55

HP:   -24/172 (214) AC: 15    Str: 34    XL:     14   Next: 78%
MP:   13/13         EV: 12    Int:  5    God:    Trog [****..]
Gold: 585           SH:  7    Dex: 11    Spells: 13/13 levels left

rFire   + . .      SeeInvis +   t - +2 flail (vorpal)
rCold   . . .      Faith    .   B - +1 kite shield {rPois}
rNeg    + . .      Spirit   .   X - +1 acid dragon scales
rPois   +          Reflect  .   (helmet restricted)
rElec   +          Harm     .   M - +2 cloak
rCorr   +          Rampage  .   (gloves unavailable)
Will    ++++.      Clarity  +   (boots unavailable)
Stlth   ..........              D - amulet of the Four Winds {rN+ Will+++ Clar}
HPRegen 1.18/turn               O - +4 ring of evasion
MPRegen 0.13/turn               m - ring of Odaunios {rElec rF+ Str+6 SInv}

@: berserking (expiring), studying Unarmed Combat, heavily drained, very quick
A: large, unfitting armour, claws 3, regeneration 1, shaggy fur 1, tough skin 1
a: Renounce Religion, Berserk, Trog's Hand, Brothers in Arms


You were on level 1 of the Orcish Mines.
You worshipped Trog.
Trog was greatly pleased with you.
You visited 3 branches of the dungeon, and saw 21 of its levels.
You also visited: Sewer.

You collected 2384 gold pieces.
You spent 1799 gold pieces at shops.

Inventory:

Hand Weapons
 t - a +2 vorpal flail (weapon)
 N - a +0 giant spiked club
Missiles
 c - 6 curare-tipped darts
 h - 17 poisoned darts (quivered)
 J - 9 large rocks
 K - 8 atropa-tipped darts
 L - 14 boomerangs
 U - 2 throwing nets
Armour
 v - a scarf of resistance
 B - a +1 kite shield of poison resistance (worn)
 M - a +2 cloak (worn)
 X - +1 acid dragon scales (worn)
Jewellery
 k - a ring of poison resistance
 m - the ring of Odaunios (right claw) {rElec rF+ Str+6 SInv}
   (You bought it in a shop on level 4 of the Dungeon)

   [ring of strength]

   Str:       It affects your strength (+6).
   rF:        It protects you from fire.
   rElec:     It insulates you from electricity.
   SInv:      It lets you see invisible.
 o - a +6 ring of strength
 x - a ring of flight
 D - the amulet of the Four Winds (around neck) {rN+ Will+++ Clar}
   (You bought it in a shop on level 4 of the Dungeon)

   [amulet of nothing]

   rN:        It protects you from negative energy.
   Clar:      It protects you against confusion.
   Will:      It greatly increases your willpower.
 O - a +4 ring of evasion (left claw)
Wands
 q - a wand of charming (5)
 w - a wand of polymorph (15)
 y - a wand of paralysis (4)
 F - a wand of digging (7)
 G - a wand of flame (7)
 P - a wand of acid (23)
 Y - a wand of iceblast (5)
Scrolls
 e - a scroll of summoning
 g - a scroll of silence
 l - 2 scrolls of enchant armour
 p - 3 scrolls of fear
 r - 5 scrolls of teleportation
 E - a scroll of enchant weapon
 I - a scroll of brand weapon {unknown}
 W - a scroll of fog
 Z - a scroll of magic mapping
Potions
 f - 2 potions of magic
 i - 5 potions of lignification
 j - 3 potions of haste
 n - 2 potions of cancellation
 s - a potion of berserk rage
 u - 7 potions of curing
 z - 5 potions of heal wounds
 A - 4 potions of might
 C - 2 potions of resistance
 H - a potion of degeneration {unknown}
 Q - a potion of attraction {unknown}
 T - a potion of invisibility {unknown}
Miscellaneous
 a - a phial of floods
 d - a box of beasts


   Skills:
 - Level 10.0 Fighting
 - Level 14.0 Maces & Flails
 + Level 9.9 Throwing
 - Level 10.0 Armour
 - Level 2.4 Dodging
 - Level 1.1 Shields
 + Level 8.3 Evocations


You had 13 spell levels left.
You didn't know any spells.
Your spell library was empty.

Dungeon Overview and Level Annotations

Branches:
Dungeon (13/15)            Temple (0/1) D:6            Lair (6/6) D:10
 Shoals (0/4) Lair:3       Spider (0/4) Lair:2        Slime (0/5) Lair:5
    Orc (2/2) D:11            Elf (0/3) Orc:2         Sewer (visited)
 Vaults: D:13-14

Altars:
Cheibriados
Fedhas
Makhleb
Nemelex Xobeh
Okawaru
Ru
Trog
Vehumet
Wu Jian
Zin
The Shining One

Shops:
D:4 =([=[   Orc:1 *   Orc:2 *

Portals:
Hell: Lair:6
Trove: D:11 (give 8 potions of haste)

Annotations:
D:10 1 runed translucent door, dang3rdave's ghost, novice GrAr
Lair:1 3 runed translucent doors, exclusion: 3 doors, GrayStillPlays's ghost, journeyman OpCj
Lair:5 1 runed translucent door, Ruewk's ghost, journeyman CeAM


Innate Abilities, Weirdness & Mutations

You are too large for most types of armour.
You have claws for hands.
Your natural rate of healing is unusually fast.
You are covered in fur. (AC +1)
You have tough skin. (AC +1)


Message History

You block the orc knight's attack.
The orc knight hits you but does no damage.
You closely miss the orc knight.
The orc knight is heavily wounded.
You block the orc knight's attack. x2
You hit the orc knight but do no damage.
The orc knight is heavily wounded.
The orc knight hits you with a +2 great sword of draining!!
You partially resist.
You feel drained.
The orc knight hits you with a +0 broad axe!!!
* * * LOW HITPOINT WARNING * * *
A red film seems to cover your vision as you go berserk!
You feel yourself moving faster!
You feel mighty!
The orc knight hits you with a +2 great sword of draining!!
* * * LOW HITPOINT WARNING * * *
You partially resist.
You feel drained.
* * * LOW HITPOINT WARNING * * *
The orc knight hits you with a +0 broad axe.
* * * LOW HITPOINT WARNING * * *
You feel a strong urge to attack something.
You are too berserk!
You are too injured to fight recklessly!
You are too injured to fight recklessly!
You are too injured to fight recklessly!
You feel your anger nearly subside. You block the orc knight's attack.
You closely miss the orc knight.
The orc knight is heavily wounded.
You closely miss the orc knight.
The orc knight is heavily wounded.
The orc knight completely misses you. The orc knight misses you.
You closely miss the orc knight.
The orc knight is heavily wounded.
The orc knight hits you with a +2 great sword of draining!
* * * LOW HITPOINT WARNING * * *
You partially resist.
You feel drained.
You hit the orc knight.
The orc knight is severely wounded.
The orc knight hits you with a +0 broad axe!!
You die...

### ### #.## #.#
##.# #.###
#..### ####...#
)....##
#..@..####
......##
###.oo.....##
.#.....#
#...>##.....##
##.....#
##..[..#.#....##
###....#
#....#####.....#
.#.....#
#.#....###....##
.#.....#
####...##....##
......##
#........##
.....##
#.......##


You could see 2 orc knights.

Vanquished Creatures
  Donald (Orc:2)
  Josephine (Lair:5)
  Erolcha (D:10)
  7 hydras
  A boulder beetle (D:11)
  Erica (D:8)
  2 two-headed ogres
  A catoblepas (Lair:6)
  2 death yaks
  3 orc high priests (Orc:2)
  Sonja (Lair:6)
  Nergalle (Lair:3)
  Pikel (D:5)
  A wizard (Lair:6)
  2 orc knights
  3 orc sorcerers
  12 elephants (Lair:4)
  2 cyclopes
  A manticore (Lair:6)
  Joseph (D:8)
  A smoke demon (Lair:6)
  7 black mambas
  A molten gargoyle (Lair:4)
  2 torpor snails (Lair:6)
  An orange demon (Lair:6)
  2 merfolk sirens (Lair:3)
  2 kobold demonologists
  20 cane toads
  7 komodo dragons
  5 rime drakes
  3 ice devils (Lair:6)
  7 trolls
  A polar bear (Lair:6)
  Grinder (Sewer)
  24 blink frogs
  7 dream sheep
  Sigmund (D:2)
  4 wraiths
  A vampire (D:12)
  39 yaks
  6 basilisks
  2 redbacks (Lair:2)
  2 wyverns
  2 steam dragons
  4 wargs
  Edmund (D:6)
  2 acid dragons
  4 hell hounds (Lair:6)
  22 water moccasins
  19 orc warriors
  A sky beast (D:8)
  A necrophage (Sewer)
  10 wolves
  A black bear (D:7)
  2 ogres
  5 centaurs
  2 phantoms
  2 kobold brigands
  14 bullfrogs
  2 gnoll sergeants
  A scorpion (D:6)
  2 wyvern zombies
  A water moccasin zombie (D:6)
  A wyvern skeleton (D:6)
  6 howler monkeys
  6 wights
  3 electric eels
  2 centaur zombies
  2 hounds
  4 bullfrog skeletons (D:5)
  17 orc priests
  15 jellies
  18 orc wizards
  An iguana (D:4)
  A killer bee zombie (D:5)
  A hound skeleton (D:5)
  2 howler monkey zombies (D:9)
  10 gnolls
  A howler monkey skeleton (D:5)
  6 adders
  6 shadow imps
  A white imp (D:7)
  9 ufetubi
  An adder zombie (Sewer)
  3 worms
  6 dart slugs
  51 orcs
  9 ball pythons
  13 endoplasms
  7 giant cockroaches
  7 goblins
  5 hobgoblins
  4 jackals (D:3)
  4 quokkas
  4 bats
  3 frilled lizards
  25 kobolds
  3 rats
546 creatures vanquished.

Vanquished Creatures (collateral kills)
  Rupert (Lair:5)
  A hell beast (Lair:6)
  An orc knight (D:12)
  An orange demon (Lair:6)
  2 blink frogs (Lair:4)
  A warg (D:12)
  A bullfrog (Lair:5)
  2 orcs (D:12)
10 creatures vanquished.

Vanquished Creatures (others)
  An orc priest (Orc:2)
  An orc wizard (Orc:2)
  A fire vortex (Lair:4)
  37 fungi
  42 plants
  2 withered plants (D:10)
84 creatures vanquished.

Grand Total: 640 creatures vanquished

Notes
Turn   | Place    | Note
-------+----------+-------------------------------------------
     0 | D:1      | fragbeetle the Troll Berserker began the quest for the Orb.
     0 | D:1      | Reached XP level 1. HP: 22/22 MP: 0/0
    70 | D:1      | Reached skill level 3 in Maces & Flails
    80 | D:1      | Reached XP level 2. HP: 29/29 MP: 1/1
   767 | D:2      | Reached XP level 3. HP: 22/36 MP: 2/2
   793 | D:2      | Reached skill level 4 in Maces & Flails
   846 | D:2      | Reached ** piety under Trog
  1035 | D:2      | Noticed Sigmund
  1046 | D:2      | Killed Sigmund
  1047 | D:2      | Reached skill level 5 in Maces & Flails
  1047 | D:2      | Reached XP level 4. HP: 44/44 MP: 3/3
  1047 | D:2      | Reached XP level 5. HP: 50/50 MP: 4/4
  1311 | D:2      | Found a faded altar of an unknown god.
  1960 | D:3      | Reached skill level 6 in Maces & Flails
  1960 | D:3      | Reached XP level 6. HP: 47/59 MP: 5/5
  2185 | D:3      | Found a bloodstained altar of Trog.
  2405 | D:3      | You fall into a shaft and drop 3 floors!
  2446 | D:6      | Noticed a water moccasin
  2453 | D:6      | Killed a water moccasin
  2578 | D:6      | Found a radiant altar of Vehumet.
  2606 | D:6      | Found a glowing drain.
  2617 | D:6      | Reached skill level 7 in Maces & Flails
  2626 | Sewer    | Entered a sewer
  2831 | Sewer    | Reached *** piety under Trog
  2845 | Sewer    | Found an ancient bone altar of Kikubaaqudgha.
  2852 | Sewer    | Reached XP level 7. HP: 32/65 MP: 6/6
  2969 | Sewer    | Reached skill level 8 in Maces & Flails
  3076 | Sewer    | Noticed Grinder
  3095 | Sewer    | Killed Grinder
  3339 | D:6      | Reached skill level 9 in Maces & Flails
  3339 | D:6      | Reached XP level 8. HP: 62/74 MP: 7/7
  3466 | D:6      | Noticed Edmund
  3478 | D:6      | Killed Edmund
  3570 | D:6      | Reached skill level 10 in Maces & Flails
  3582 | D:6      | Reached skill level 11 in Maces & Flails
  3589 | D:6      | Reached XP level 9. HP: 18/80 MP: 8/8
  3684 | D:6      | Found a staircase to the Ecumenical Temple.
  3993 | D:5      | Entered Level 5 of the Dungeon
  4246 | D:5      | Found a sparkling altar of Nemelex Xobeh.
  4565 | D:4      | Noticed Pikel
  4587 | D:5      | Killed Pikel
  4588 | D:5      | Reached skill level 12 in Maces & Flails
  4835 | D:4      | Found a glowing silver altar of Zin.
  4906 | D:4      | Found Kualop Suso's Antique Armour Shop.
  4907 | D:4      | Found Lofepsad's Armour Boutique.
  4908 | D:4      | Found Toothoes's Jewellery Emporium.
  4909 | D:4      | Found Emoyraxt's Jewellery Emporium.
  4909 | D:4      | Found Aguh's Antique Weapon Shop.
  4934 | D:4      | Reached **** piety under Trog
  4960 | D:4      | Bought a glowing cloak for 187 gold pieces
  5236 | D:3      | Identified the ring of the Lion {rN+ Will+ Int+3}
  5865 | D:7      | Reached skill level 13 in Maces & Flails
  6259 | D:7      | Found an ornate altar of the Wu Jian Council.
  6357 | D:8      | Reached XP level 10. HP: 74/87 MP: 9/9
  6382 | D:8      | Noticed Joseph
  6538 | D:9      | Found a snail-covered altar of Cheibriados.
  6799 | D:8      | Killed Joseph
  7051 | D:8      | Noticed Erica
  7060 | D:8      | Killed Erica
  7061 | D:8      | Reached skill level 14 in Maces & Flails
  7265 | D:8      | Identified the +7 dagger of Gallantry {protect, rCorr Str-2
                  | Int+2 Dex+3}
  7948 | D:9      | Found a large runed translucent door.
  7949 | D:9      | Found a large runed translucent door.
  8242 | D:9      | Found a sacrificial altar of Ru.
  8249 | D:9      | Found an iron altar of Okawaru.
  8285 | D:10     | Entered Level 10 of the Dungeon
  8339 | D:10     | Found a runed translucent door.
  8343 | D:10     | Noticed dang3rdave's ghost (novice GrAr)
  8528 | D:10     | Found a staircase to the Lair.
  8554 | D:10     | Noticed a two-headed ogre
  8573 | D:10     | Killed a two-headed ogre
  8574 | D:10     | Reached skill level 5 in Armour
  8764 | D:10     | Found a glowing golden altar of the Shining One.
  8867 | D:10     | Noticed Erolcha
  8875 | D:10     | Killed Erolcha
  8876 | D:10     | Reached XP level 11. HP: 94/94 MP: 10/10
  9378 | D:11     | Found a portal to a secret trove of treasure.
  9722 | D:11     | Noticed a two-headed ogre
  9730 | D:11     | Killed a two-headed ogre
  9923 | D:11     | Found a staircase to the Orcish Mines.
 10419 | Lair:1   | Entered Level 1 of the Lair of Beasts
 10521 | Lair:1   | Noticed a five-headed hydra
 10523 | Lair:1   | Noticed GrayStillPlays's ghost (journeyman OpCj)
 10556 | Lair:1   | Found a runed translucent gate.
 10557 | Lair:1   | Found a runed translucent gate.
 10558 | Lair:1   | Found a runed translucent gate.
 10647 | Lair:1   | Noticed a seven-headed hydra
 10653 | Lair:1   | Killed a seven-headed hydra
 10654 | Lair:1   | Reached skill level 10 in Armour
 10950 | Lair:1   | Reached XP level 12. HP: 26/109 MP: 11/11
 11055 | Lair:1   | Reached skill level 5 in Fighting
 11564 | Lair:2   | Found a hole to the Spider Nest.
 11706 | Lair:2   | Reached skill level 1 in Shields
 12760 | Lair:3   | Reached ***** piety under Trog
 13079 | Lair:3   | Found a staircase to the Shoals.
 13105 | Lair:3   | Noticed Nergalle
 13113 | Lair:3   | Killed Nergalle
 13844 | Lair:4   | Identified the +4 long sword of Eternity {drain, Int+2}
 14229 | Lair:4   | Reached skill level 10 in Fighting
 14247 | Lair:4   | Reached XP level 13. HP: 16/133 MP: 12/12
 14379 | Lair:4   | Reached skill level 1 in Throwing
 14569 | Lair:4   | Reached skill level 1 in Evocations
 15015 | Lair:5   | Found a blossoming altar of Fedhas.
 15070 | Lair:5   | Noticed Josephine
 15339 | Lair:5   | Noticed Rupert
 15350 | Lair:5   | Killed Rupert
 15605 | Lair:5   | Found a staircase to the Slime Pits.
 15936 | Lair:5   | Reached skill level 5 in Throwing
 16018 | Lair:5   | Found a runed translucent door.
 16024 | Lair:5   | Noticed Ruewk's ghost (journeyman CeAM)
 16505 | D:4      | Bought the amulet of the Four Winds {rN+ Will+++ Clar} for
                  | 482 gold pieces
 16505 | D:4      | Found the amulet of the Four Winds {rN+ Will+++ Clar}
 17549 | Lair:5   | Reached skill level 5 in Evocations
 17602 | Lair:5   | Killed Josephine
 18149 | Lair:6   | Entered Level 6 of the Lair of Beasts
 18547 | Lair:6   | Reached XP level 14. HP: 25/143 MP: 13/13
 18700 | Lair:6   | Noticed Sonja
 18716 | Lair:6   | Killed Sonja
 18954 | Lair:6   | Identified the +0 leather armour of the Past {*Slow rElec
                  | rF++ Int+9 Stlth+}
 20095 | Lair:6   | Found a burning altar of Makhleb.
 20246 | Lair:6   | Found a gateway to Hell.
 20698 | Orc:1    | Entered Level 1 of the Orcish Mines
 20924 | Orc:1    | Received a gift from Trog
 20962 | Orc:1    | Found Xeucuzua's Assorted Antiques.
 21341 | Orc:2    | Entered Level 2 of the Orcish Mines
 21428 | Orc:2    | Found a staircase to the Elven Halls.
 21636 | D:4      | Bought the ring of Odaunios {rElec rF+ Str+6 SInv} for 1088
                  | gold pieces
 22145 | Orc:2    | Noticed Donald
 22161 | Orc:2    | Killed Donald
 22535 | Orc:2    | Found Monum's General Store.
 22544 | Orc:2    | Bought a potion of curing for 42 gold pieces
 23269 | Orc:1    | HP: 4/175 [orc knight (11)]
 23270 | Orc:1    | Annihilated by an orc knight

Illustrated notes

Levels and vault maps discovered:
D:1:      onia_arrival_mini_maze, layout_basic
D:2:      layout_basic, shapermc_ecumenical_altar_venn, uniq_sigmund
D:3:      layout_basic, mainiacjoe_overflow_small_starburst, minivault_11
D:4:      layout_cave_pools, zin_statuary, nicolae_wooded_promenade, uniq_pikel
D:5:      layout_cave_pods, old_standard_altar
D:6:      layout_loops_ring, mainiacjoe_overflow_concentric_impassable,
          minmay_temple_entry_antechambers, cheibrodos_sewer_entry_bend,
          uniq_edmund
D:7:      layout_basic, pdpol_wu_jian_five_deadly_venoms,
          palyth_stone_intersect, grunt_ministairs_7, minivault_10
D:8:      layout_basic, uniq_joseph, uniq_erica
D:9:      layout_loops_ring, lemuel_doored_altar, jmf_multi_god_temple2
D:10:     layout_loops_cross, lemuel_coloured_pillars_altar, lair_entry_dummy,
          gammafunk_ghost_grave, uniq_erolcha
D:11:     layout_cave_pools, orc_0_dummy, enter_trove_0, minmay_crystal_room
D:12:     layout_cave_pools
D:13:     layout_layer_cave, chequers_serial_rivers_micro_a, st_stairs_6,
          small_statue_alley_a
Lair:1:   layout_roguey, gammafunk_ghost_split
Lair:2:   layout_gridlike, spider_nest_entry_webs, lemuel_another_geyser
Lair:3:   layout_gridlike, elwin_shoals_entry_rooms, uniq_nergalle
Lair:4:   layout_gridlike, grunt_megastairs_5
Lair:5:   layout_layer_cave, minmay_slime_entry_jelly_boxes, basic_altar,
          ebering_ghost_reflecting_pool, kennysheep_basilisk_garden,
          uniq_rupert, uniq_josephine
Lair:6:   evil_forest, layout_cave_pods, uniq_sonja
Orc:1:    layout_diamond_mine, serial_shops, nicolae_diamond_shop
Orc:2:    grunt_orc_tribal_feast, layout_diamond_mine, ebering_ghost_gozag,
          serial_shops, nicolae_shop_trees, uniq_donald

Skill      XL: |  1  2  3  4  5  6  7  8  9 10 11 12 13 14 |
---------------+-------------------------------------------+-----
Maces & Flails | 3 5 6 7 9 11 13 14 | 14.0
Armour         | 6 10 | 10.0
Fighting       | 4 10 | 10.0
Shields        | 1 |  1.1
Throwing       | 7 9 |  9.9
Evocations     | 5 8 |  8.3
Dodging        | |  2.4

Action                   |  1- 3 |  4- 6 |  7- 9 | 10-12 | 13-15 || total
-------------------------+-------+-------+-------+-------+-------++-------
Melee: Mace              |    93 |    70 |       |       |       ||   163
       Flail             |       |    68 |   316 |   944 |  1217 ||  2545
       Morningstar       |       |    16 |       |       |       ||    16
       Punch             |       |       |     1 |     4 |       ||     5
Throw: Dart              |       |       |       |     9 |     3 ||    12
       Boomerang         |       |       |       |     1 |       ||     1
       Large rock        |       |       |       |     2 |     4 ||     6
Invok: Berserk           |     2 |     1 |     2 |     9 |    10 ||    24
       Trog's Hand       |       |       |     2 |     1 |     1 ||     4
       Brothers in Arms  |       |       |       |     2 |     6 ||     8
Evoke: Phial of floods   |       |       |       |     2 |       ||     2
       Wand              |       |       |       |     4 |     5 ||     9
  Use: Scroll            |       |       |       |    12 |    20 ||    32
       Potion            |       |       |       |     1 |     4 ||     5
 Stab: Sleeping          |       |     2 |       |       |       ||     2
       Petrifying        |       |       |       |       |     1 ||     1
       Distracted        |       |       |       |       |     1 ||     1
Armor: Animal skin       |    24 |    86 |    87 |     6 |       ||   203
       Steam dragon scal |       |       |       |    72 |       ||    72
       Acid dragon scale |       |       |       |   224 |   489 ||   713
Dodge: Dodged            |    51 |   119 |   135 |   302 |   480 ||  1087
Block: Other             |       |       |       |    84 |       ||    84
       Reflection        |       |       |       |     2 |       ||     2
       Kite shield       |       |       |       |   232 |   431 ||   663
